 Dungeon Crawl Stone Soup version 0.28-a0-863-g8cecda6153 (webtiles) character file.

Game seed: 9052953133778035825

4062 bande the Cleaver (level 10, -2/60 HPs)
             Began as a Gargoyle Fighter on Nov 16, 2021.
             Was an Elder of Okawaru.
             Killed from afar by a steam dragon (21 damage)
             ... with a ball of steam
             ... on level 8 of the Dungeon.
             The game lasted 00:16:39 (6925 turns).

bande the Cleaver (Gargoyle Fighter)                Turns: 6925, Time: 00:16:39

Health: -2/60      AC: 25    Str: 20    XL:     10   Next: 25%
Magic:  13/13      EV:  4    Int: 10    God:    Okawaru [****..]
Gold:   1069       SH:  9    Dex: 11    Spells: 9/9 levels left

rFire   . . .      SeeInvis .   a - +1 war axe
rCold   . . .      Faith    .   k - +0 kite shield
rNeg    + . .      Spirit   .   o - +0 plate armour
rPois   ∞          Reflect  .   (no helmet)
rElec   +          Harm     .   (no cloak)
rCorr   .          Rampage  .   j - +0 pair of gloves
Will    .....                   u - +0 pair of boots
Stlth   ..........              s - amulet of regeneration
HPRegen 1.20/turn               (no ring)
MPRegen 0.13/turn               (no ring)

@: studying 2 skills
A: sickness immunity, AC +7, negative energy resistance 1, electricity
resistance, torment resistance 1, petrification resistance, iridescent scales 1,
sense surroundings 1, shaggy fur 1, evolution 1
a: Renounce Religion, Heroism, Finesse


You were on level 8 of the Dungeon.
You worshipped Okawaru.
Okawaru was greatly pleased with you.
You visited 2 branches of the dungeon, and saw 9 of its levels.
You also visited: Ossuary.

You collected 1069 gold pieces.

Inventory:

Hand Weapons
 a - a +1 war axe (weapon)
 q - a +0 flail
 D - a +0 flail of protection
Missiles
 E - 5 throwing nets (quivered)
Armour
 j - a +0 pair of gloves (worn)
 k - a +0 kite shield (worn)
 o - a +0 plate armour (worn)
 p - a +1 scale mail of cold resistance
 u - a +0 pair of boots (worn)
Jewellery
 d - a ring of wizardry
 s - an amulet of regeneration (around neck)
Wands
 b - a wand of polymorph (13)
 l - a wand of acid (7)
 y - a wand of flame (10)
Scrolls
 h - 2 scrolls of enchant weapon
 m - a scroll of magic mapping
 n - 3 scrolls of teleportation
 v - a scroll of fog
 w - a scroll of immolation {unknown}
 x - a scroll of brand weapon {unknown}
 B - 2 scrolls of blinking {unknown}
Potions
 c - a potion of berserk rage {unknown}
 e - a potion of ambrosia
 f - 3 potions of brilliance
 g - 8 potions of curing
 i - 2 potions of heal wounds
 r - a potion of flight
 t - 3 potions of magic
 z - a potion of attraction {unknown}
 A - a potion of haste {unknown}
 C - a potion of mutation


   Skills:
 + Level 6.1 Fighting
 + Level 8.1 Axes
 + Level 6.8 Armour
 + Level 6.8 Shields
 + Level 0.8 Unarmed Combat
 * Level 4.0 Invocations
 * Level 5.4 Evocations


You had 9 spell levels left.
You didn't know any spells.
Your spell library contained the following spells:

 Spells                   Type           Power      Damage    Failure   Level
 Blink                    Tloc           0%         N/A       100%        2
 Lesser Beckoning         Tloc           0%         N/A       100%        3
 Manifold Assault         Tloc           0%         N/A       100%        5


Dungeon Overview and Level Annotations

Branches:
Dungeon (8/15)             Temple (1/1) D:6         Ossuary (visited)
   Lair: D:8-11

Altars:
Cheibriados
Nemelex Xobeh
Okawaru
Ru

Shops:
D:1 (   D:2 *


Innate Abilities, Weirdness & Mutations

You are immune to sickness and miasma.
Your stone body is resilient. (AC +7)
You are immune to poison.
You resist negative energy. (rN+)
You are resistant to electric shocks. (rElec)
You are resistant to unholy torment.
You are immune to petrification.
You are partially covered in iridescent scales. (AC +2)
You passively map a small area around you.
You are covered in fur. (AC +1)
You have hidden genetic potential.


Message History

The steam dragon is heavily wounded.
The gnoll hits you but does no damage. The gnoll barely misses you.
The steam dragon bites you. You block the steam dragon's attack.
The gnoll hits you from afar with a +0 halberd.
The gnoll hits you but does no damage.
You barely miss the steam dragon.
The steam dragon is heavily wounded.
The steam dragon bites you but does no damage.
You block the steam dragon's attack. The gnoll barely misses you.
The gnoll hits you but does no damage. The steam dragon breathes steam at you.
The ball of steam hits you!
You hear a shout!
Your plate armour prevents you from hitting the steam dragon.
The steam dragon is heavily wounded.
You are engulfed in a cloud of scalding steam.
The gnoll hits you from afar with a +0 halberd.
The gnoll barely misses you. The steam dragon bites you.
The steam dragon claws you but does no damage.
You hit the steam dragon but do no damage.
The steam dragon is heavily wounded.
You are engulfed in a cloud of scalding steam.
You block the gnoll's attack.
The gnoll hits you from afar with a +0 spear.
* * * LOW HITPOINT WARNING * * *
The steam dragon barely misses you.
The steam dragon claws you but does no damage.
You slash the steam dragon!
The steam dragon is almost dead.
The steam dragon breathes steam at you. The ball of steam hits you!
* * * LOW HITPOINT WARNING * * *
The gnoll hits you but does no damage.
You hear a shout!
You feel better.
You are engulfed in a cloud of scalding steam.
* * * LOW HITPOINT WARNING * * *
The steam dragon breathes steam at you. The ball of steam hits you!!
You die...

### ###########
##.########..§§@Dgg)#*
**
#...........#######)#
, ##.########## g.. ,
#.# *,..... #.# *,
.#..... , * #.#
,....... #.# ,.. .#..
#.# , ..,.... #.# , *


You could see a steam dragon (catching breath) and 2 gnolls.

Vanquished Creatures
  Harold (D:7)
  The ghost of Zenkrye the Slicer, a novice KoEn (D:6)
  Grinder (D:5)
  5 water moccasins
  A necrophage (D:4)
  A black bear (D:7)
  2 ice beasts (D:6)
  An ogre (D:4)
  2 phantoms
  2 kobold brigands (D:5)
  2 gnoll sergeants (D:6)
  3 scorpions
  A water moccasin skeleton (D:5)
  4 howler monkeys
  A bullfrog zombie (D:5)
  2 human zombies (Ossuary)
  6 hounds
  3 orc priests
  2 jellies
  5 centaur zombies
  3 centaur skeletons
  2 gnoll shamans
  2 iguanas
  7 orc wizards
  A killer bee zombie (D:7)
  2 mummies (Ossuary)
  A howler monkey zombie (D:6)
  A howler monkey skeleton (D:7)
  6 gnolls
  2 adders
  2 shadow imps
  2 white imps
  2 worms (D:3)
  18 orcs
  6 bats
  5 endoplasms
  4 giant cockroaches
  5 goblins
  8 hobgoblins
  7 quokkas
  3 ball pythons
  3 frilled lizards (D:3)
  3 goblin zombies (Ossuary)
  10 hobgoblin zombies (Ossuary)
  A jackal zombie (Ossuary)
  19 kobolds
  11 kobold zombies (Ossuary)
  6 orc zombies (Ossuary)
  A quokka skeleton (D:4)
  3 rats
  A rat zombie (Ossuary)
193 creatures vanquished.

Vanquished Creatures (others)
  An orc wizard (D:6)
  6 plants (D:6)
7 creatures vanquished.

Grand Total: 200 creatures vanquished

Notes
Turn   | Place    | Note
-------+----------+-------------------------------------------
     0 | D:1      | bande the Gargoyle Fighter began the quest for the Orb.
     0 | D:1      | Reached XP level 1. HP: 14/14 MP: 1/1
   354 | D:1      | Reached XP level 2. HP: 19/19 MP: 2/2
   390 | D:1      | Reached skill level 2 in Axes
   414 | D:1      | Found Vomesh's Antique Weapon Boutique.
  1023 | D:2      | Found Reodd's General Store.
  1259 | D:2      | Noticed a scorpion
  1266 | D:2      | Killed a scorpion
  1267 | D:2      | Reached skill level 1 in Evocations
  1267 | D:2      | Reached XP level 3. HP: 2/24 MP: 3/3
  1267 | D:2      | Reached XP level 4. HP: 3/29 MP: 4/4
  2600 | D:3      | Found a faded altar of an unknown god.
  2684 | D:3      | Found a sparkling altar of Nemelex Xobeh.
  2885 | D:4      | Noticed a necrophage
  2898 | D:4      | Killed a necrophage
  2899 | D:4      | Reached skill level 3 in Axes
  2899 | D:4      | Reached XP level 5. HP: 29/33 MP: 5/5
  2913 | D:4      | Noticed a phantom
  2933 | D:4      | Killed a phantom
  2934 | D:4      | Reached XP level 6. HP: 28/38 MP: 6/6
  3075 | D:4      | Reached skill level 4 in Axes
  3140 | D:4      | Reached XP level 7. HP: 43/43 MP: 7/7
  3316 | D:4      | Found a snail-covered altar of Cheibriados.
  3441 | D:5      | Entered Level 5 of the Dungeon
  3679 | D:6      | Found a staircase to the Ecumenical Temple.
  3686 | Temple   | Entered the Ecumenical Temple
  3693 | Temple   | Became a worshipper of Warmaster Okawaru
  3712 | D:6      | Reached skill level 5 in Axes
  3762 | D:5      | Reached XP level 8. HP: 34/48 MP: 8/8
  3766 | D:5      | Reached skill level 5 in Armour
  3872 | D:5      | Gained mutation: You are weak. (Str -2) [potion of
                  | mutation]
  3872 | D:5      | Gained mutation: Your body sometimes deteriorates upon
                  | taking damage. [potion of mutation]
  3872 | D:5      | Gained mutation: You have hidden genetic potential. [potion
                  | of mutation]
  3948 | D:5      | Reached skill level 5 in Shields
  3953 | D:5      | Reached * piety under Okawaru
  4290 | D:5      | Reached skill level 6 in Axes
  4856 | D:5      | Identified a scroll of acquirement
  4856 | D:5      | Acquired 613 gold pieces
  4968 | D:5      | Noticed Grinder
  4968 | D:5      | Paralysed by Grinder for 3 turns
  4972 | D:5      | Reached skill level 5 in Fighting
  4979 | D:5      | Paralysed by Grinder for 7 turns
  5005 | D:5      | Killed Grinder
  5225 | D:6      | Reached XP level 9. HP: 54/54 MP: 9/9
  5252 | D:6      | Reached ** piety under Okawaru
  5260 | D:6      | Gained mutation: You are covered in fur. (AC +1) [hidden
                  | potential]
  5313 | D:6      | Reached skill level 1 in Invocations
  5344 | D:6      | Found a transporter.
  5345 | D:6      | Found a transporter.
  5766 | D:6      | Noticed Zenkrye's ghost (novice KoEn)
  5791 | D:6      | Killed Zenkrye's ghost
  5791 | D:6      | Reached *** piety under Okawaru
  5792 | D:6      | Reached skill level 7 in Axes
  5971 | D:7      | Found a sand-covered staircase.
  5981 | Ossuary  | Entered an ossuary
  6253 | Ossuary  | Lost mutation: You are weak. (Str -2) [potion of mutation]
  6253 | Ossuary  | Lost mutation: Your body sometimes deteriorates upon taking
                  | damage. [potion of mutation]
  6253 | Ossuary  | Gained mutation: You have great hidden genetic potential.
                  | [potion of mutation]
  6253 | Ossuary  | Gained mutation: You are partially covered in iridescent
                  | scales. (AC +2) [potion of mutation]
  6368 | D:7      | Reached skill level 5 in Evocations
  6524 | D:7      | Noticed Harold
  6548 | D:7      | Killed Harold
  6548 | D:7      | Reached **** piety under Okawaru
  6549 | D:7      | Reached skill level 8 in Axes
  6549 | D:7      | Reached XP level 10. HP: 60/60 MP: 12/12
  6566 | D:7      | Gained mutation: You passively map a small area around you.
                  | [hidden potential]
  6566 | D:7      | Lost mutation: You have great hidden genetic potential.
                  | [hidden potential expressed]
  6925 | D:8      | Killed from afar by a steam dragon

Illustrated notes

Levels and vault maps discovered:
D:1:      ncdulo_halloftheorcs, layout_basic, serial_shops, shop
D:2:      layout_basic, serial_shops, shop
D:3:      layout_rooms, mainiacjoe_overflow_alcove_1,
          nicolae_ecumenical_oubliette
D:4:      cheibrodos_helix_gallery, layout_rooms, kennysheep_mini_moat
D:5:      cheibrodos_thug_alley, layout_loops_cross, st_stairs_6, uniq_grinder
D:6:      layout_loops_ring, minmay_temple_entry_mist,
          gammafunk_ghost_gnarly_gnolls
D:7:      layout_loops_ring, nicolae_ossuary_entry_monument, uniq_harold
D:8:      layout_loops_ring, gammafunk_ghost_hydra_chop,
          kennysheep_big_empty_room, kennysheep_doodads
Temple:   minmay_crystal_spiral_temple

Skill      XL: |  1  2  3  4  5  6  7  8  9 10 |
---------------+-------------------------------+-----
Axes           | 2 3 4 5 6 8 |  8.1
Armour         | 4 5 6 |  6.8
Evocations     | 1 2 3 4 5 |  5.4
Fighting       | 4 5 6 |  6.1
Shields        | 4 5 6 |  6.8
Invocations    | 3 4 |  4.0
Unarmed Combat | |  0.8

Action                   |  1- 3 |  4- 6 |  7- 9 | 10-12 || total
-------------------------+-------+-------+-------+-------++-------
Melee: War axe           |    58 |   117 |   424 |    35 ||   634
       Unarmed           |       |       |    10 |       ||    10
  Use: Scroll            |     2 |     7 |     8 |       ||    17
       Potion            |       |       |     3 |     1 ||     4
 Stab: Confused          |       |       |     4 |       ||     4
Armor: Scale mail        |    37 |    64 |       |       ||   101
       Plate armour      |       |     6 |   497 |    32 ||   535
Dodge: Dodged            |    41 |    48 |    85 |    15 ||   189
Block: Buckler           |    13 |     8 |       |       ||    21
       Kite shield       |       |    42 |   263 |    20 ||   325

Table legend: (Time is in decaauts)
 A = Elapsed time spent in this place.
 B = Non-inter-level travel time spent in this place.
 C = Inter-level travel time spent in this place.
 D = Time resting spent in this place.
 E = Time spent auto-exploring this place.
 F = Levels seen in this place.
 G = Mean time per level.
                   A        B        C        D        E       F      G
               +--------+--------+--------+--------+--------+-----+--------+
         Total |   7187 |   7146 |     41 |   1037 |   3960 |  10 |  718.7 |
       Dungeon |   6873 |   6832 |     41 |   1037 |   3860 |   8 |  859.1 |
        Temple |     14 |     14 |      0 |      0 |      0 |   1 |   14.0 |
       Ossuary |    299 |    299 |      0 |      0 |    100 |   1 |  299.0 |
               +--------+--------+--------+--------+--------+-----+--------+

Top non-repeatable levels by time:
     D:5: 1702 daAuts
     D:2: 1282 daAuts
     D:1: 998 daAuts
     D:6: 913 daAuts
     D:7: 669 daAuts
     D:3: 656 daAuts
     D:4: 592 daAuts
 Ossuary: 299 daAuts
     D:8: 56 daAuts
  Temple: 14 daAuts
